 Dungeon Crawl Stone Soup version 0.21-a0-508-gf08a75f (webtiles) character file.

3476 CanOfBees the Geomancer (level 10, 0/50 HPs)
             Began as a Gargoyle Earth Elementalist on Nov 28, 2017.
             Was a Priest of Vehumet.
             Slain by a two-headed ogre
             ... wielding a +0 dire flail
              (8 damage)
             ... on level 8 of the Dungeon.
             The game lasted 00:26:30 (11020 turns).

CanOfBees the Geomancer (GrEE)                     Turns: 11020, Time: 00:26:31

Health: 0/50       AC: 10    Str: 12    XL:     10   Next: 6%
Magic:  17/22      EV: 12    Int: 19    God:    Vehumet [***...]
Gold:   333        SH:  0    Dex: 10    Spells: 9/26 levels left

rFire    . . .     SeeInvis .   q - +3 morningstar (protect)
rCold    . . .     Gourm    .   (no shield)
rNeg     + . .     Faith    .   r - +0 robe
rPois    ∞         Spirit   .   (helmet restricted)
rElec    +         Reflect  .   h - +0 cloak
rCorr    .         Harm     .   (no gloves)
MR       .....                  (no boots)
Stlth    +++.......             (no amulet)
HPRegen  0.16/turn              N - ring of stealth
MPRegen  0.18/turn              (no ring)

@: no status effects
A: horns 2, negative energy resistance 1, electricity resistance, wild magic 1,
unbreathing, petrification resistance, rot immunity, AC +7
a: Renounce Religion


You were on level 8 of the Dungeon.
You worshipped Vehumet.
Vehumet was most pleased with you.
You were not hungry.

You visited 1 branch of the dungeon, and saw 9 of its levels.
You also visited: Ossuary.

You collected 413 gold pieces.
You spent 80 gold pieces at shops.

Inventory:

Hand Weapons
 l - a +0 hunting sling
 q - a +3 morningstar of protection (weapon)
Missiles
 b - 154 stones (quivered)
 g - 18 poisoned needles
 m - 5 tomahawks
 p - 139 arrows
 s - 6 needles of paralysis
 I - 47 sling bullets
Armour
 h - a +0 cloak (worn)
 r - a +0 robe (worn)
Magical Staves
 O - an uncursed staff of fire
Jewellery
 N - a ring of stealth (left hand)
Wands
 u - a wand of iceblast (12)
 F - a wand of flame (9)
 J - a wand of enslavement (12)
Scrolls
 a - 3 scrolls of identify
 c - 3 scrolls of remove curse
 i - 2 scrolls of noise
 n - 3 scrolls of magic mapping
 v - a scroll of fog
 w - a scroll of vulnerability {unknown}
 y - 3 scrolls of immolation
 E - 2 scrolls of amnesia {unknown}
 H - a scroll of enchant weapon
Potions
 f - a potion of magic {unknown}
 k - a potion of heal wounds {unknown}
 o - 4 potions of curing
 t - 5 potions of lignification
 x - a potion of flight {unknown}
 z - a potion of cancellation {unknown}
 A - a potion of haste {unknown}
 B - a potion of might {unknown}
 C - 2 potions of resistance
 D - 5 potions of berserk rage {unknown}
 K - a potion of invisibility {unknown}
 L - a potion of brilliance {unknown}
 M - a potion of ambrosia {unknown}
Books
 e - a book of Geomancy

   Spells                             Type                      Level
   a - Sandblast                      Earth                        1
   b - Passwall                       Transmutation/Earth          2
   c - Stone Arrow                    Conjuration/Earth            3
   d - Petrify                        Transmutation/Earth          4
   e - Lee's Rapid Deconstruction     Earth                        5
Comestibles
 d - 4 bread rations
 j - 7 meat rations


   Skills:
 - Level 1.5 Dodging
 - Level 2.1 Stealth
 * Level 8.5 Spellcasting
 + Level 7.8 Conjurations
 - Level 2.5 Transmutations
 + Level 9.1 Earth Magic
 - Level 2.0 Poison Magic


You had 9 spell levels left.
You knew the following spells:

 Your Spells              Type           Power        Failure   Level  Hunger
a - Sandblast             Erth           ######       1%          1    None
b - Stone Arrow           Conj/Erth      ######       1%          3    None
c - Lee's Rapid Deconstr  Erth           ######....   2%          5    #####..
d - Sting                 Conj/Pois      ####         1%          1    None
e - Magic Dart            Conj           ####         1%          1    None
f - Passwall              Tmut/Erth      #####.....   2%          2    None
g - Petrify               Tmut/Erth      #####...     12%         4    ###....


Dungeon Overview and Level Annotations

Branches:
Dungeon (9/15)             Temple (0/1) D:6
   Lair: D:8-11         Orc: D:9-12

Altars:
Ru
Vehumet

Shops:
D:5 !

Annotations:
D:3 Edmund


Innate Abilities, Weirdness & Mutations

You are resistant to torment.
Your stone body is resilient. (AC +7)
You are immune to poison.
You resist negative energy. (rN+)
You are resistant to electric shocks. (rElec)
You can survive without breathing.
You are immune to petrification.
You are immune to rotting.
You have a pair of horns on your head.
Your spells are a little harder to cast, but a little more powerful.


Message History

The two-headed ogre is moderately wounded.
The two-headed ogre barely misses you.
The two-headed ogre hits you with a giant club.
The two-headed ogre hits you with a dire flail!
The two-headed ogre hits you with a giant club!
You sock the two-headed ogre!
You headbutt the two-headed ogre, but do no damage.
The two-headed ogre is heavily wounded.
The two-headed ogre hits you with a dire flail!
* * * LOW HITPOINT WARNING * * *
The two-headed ogre barely misses you.
Okay, then.
You feel better.
The two-headed ogre hits you but does no damage.
The two-headed ogre hits you with a giant club.
* * * LOW HITPOINT WARNING * * *
As you read the scroll of fog, it crumbles to dust.
The scroll dissolves into smoke.
The two-headed ogre hits you with a dire flail!
You die...

# ###.# ###### #...# .....#
#.### ####.###.####
.###.#......#
.........##.#################
..##.#........§#§...........#
# #.#..#....#§§§##.#.#####.#
..#..#.....§#@##.#.# #.#
####........§O§§§.#.# #.#
#.......###§####.# #.#####
....#..#.###§§....# #......
###...........#######
##.#...# ......######.""....#
#....... ...##. #.......#
#....... #$ #.######.......#
#....... ..............#
#....#.#


You could see a two-headed ogre.

Vanquished Creatures
  A hornet (D:7)
  Grinder (D:4)
  A hippogriff (D:7)
  Sigmund (D:5)
  A hungry ghost (D:5)
  Menkaure (D:5)
  Duvessa (D:6)
  An orc warrior (D:7)
  A sky beast (D:6)
  A phantom (D:4)
  An ice beast (D:6)
  3 ogres
  3 centaurs
  2 bullfrogs
  A gnoll sergeant (D:7)
  A scorpion (D:7)
  A wyvern skeleton (D:8)
  Dowan (D:7)
  3 killer bees (D:9)
  A bullfrog zombie (D:7)
  A quasit (D:5)
  5 crimson imps
  3 centaur zombies
  A jelly (D:5)
  A hound (D:5)
  A bullfrog skeleton (D:8)
  Ijyb (D:5)
  3 orc wizards (D:7)
  6 worker ants
  A killer bee zombie (D:8)
  A hound zombie (D:6)
  2 hound skeletons
  5 mummies (Ossuary)
  A howler monkey zombie (D:5)
  7 gnolls
  8 adders
  A shadow imp (D:6)
  2 oozes
  A worm (D:2)
  2 dart slugs
  10 leopard geckos
  12 orcs
  3 bats (D:3)
  9 giant cockroaches
  2 gnoll zombies (Ossuary)
  9 goblins
  15 hobgoblins
  3 jackals (D:7)
  3 quokkas
  5 frilled lizards
  A giant cockroach zombie (D:5)
  2 goblin zombies (Ossuary)
  A hobgoblin zombie (Ossuary)
  6 kobolds
  2 kobold zombies (Ossuary)
  A leopard gecko skeleton (D:5)
  3 quokka skeletons
  10 rats
177 creatures vanquished.

Vanquished Creatures (others)
  2 bats (D:2)
  A giant cockroach (D:2)
  A bush (D:6)
  4 toadstools (D:1)
8 creatures vanquished.

Grand Total: 185 creatures vanquished

Notes
Turn   | Place    | Note
-------+----------+-------------------------------------------
     0 | D:1      | CanOfBees the Gargoyle Earth Elementalist began the quest for the Orb.
     0 | D:1      | Reached XP level 1. HP: 10/10 MP: 3/3
   113 | D:1      | Reached XP level 2. HP: 15/15 MP: 3/5
   206 | D:1      | Reached skill level 4 in Earth Magic
   391 | D:1      | Reached XP level 3. HP: 8/19 MP: 5/7
  1537 | D:2      | Learned a level 3 spell: Stone Arrow
  1541 | D:2      | Found a radiant altar of Vehumet.
  1550 | D:2      | Became a worshipper of Vehumet
  1879 | D:2      | Reached skill level 1 in Conjurations
  1879 | D:2      | Reached XP level 4. HP: 22/24 MP: 0/8
  2384 | D:3      | Reached XP level 5. HP: 28/28 MP: 7/10
  2414 | D:3      | Learned a level 5 spell: Lee's Rapid Deconstruction
  2794 | D:3      | Reached skill level 5 in Earth Magic
  3048 | D:3      | Reached * piety under Vehumet
  3048 | D:3      | Offered knowledge of Sting by Vehumet.
  3452 | D:4      | Found a sand-covered staircase.
  3458 | Ossuary  | Entered an ossuary
  3485 | Ossuary  | Reached XP level 6. HP: 32/32 MP: 4/12
  3924 | Ossuary  | Learned a level 1 spell: Sting
  4074 | D:4      | Found a glowing drain.
  4082 | D:4      | Noticed Grinder
  4105 | D:4      | Noticed a phantom
  4223 | D:4      | Killed Grinder
  4223 | D:4      | Reached XP level 7. HP: 19/36 MP: 2/14
  4824 | D:4      | Noticed Edmund
  5515 | D:4      | Reached skill level 6 in Earth Magic
  5663 | D:4      | Offered knowledge of Magic Dart by Vehumet.
  5769 | D:4      | Learned a level 1 spell: Magic Dart
  5854 | D:5      | Entered Level 5 of the Dungeon
  5870 | D:5      | Noticed a hungry ghost
  5880 | D:5      | Killed a hungry ghost
  5880 | D:5      | Reached skill level 5 in Spellcasting
  5880 | D:5      | Reached skill level 5 in Conjurations
  5886 | D:5      | Learned a level 2 spell: Passwall
  5920 | D:5      | Noticed Sigmund
  5935 | D:5      | Killed Sigmund
  5935 | D:5      | Reached ** piety under Vehumet
  5935 | D:5      | Reached skill level 1 in Transmutations
  5935 | D:5      | Reached XP level 8. HP: 23/41 MP: 3/16
  6314 | D:5      | Noticed Ijyb
  6319 | D:5      | Killed Ijyb
  6655 | D:5      | Found Iveodghuti's Distillery.
  6665 | D:5      | Bought a potion of mutation for 80 gold pieces
  6666 | D:5      | Gained mutation: Your spells are a little harder to cast, but a little more powerful. [potion of mutation]
  6666 | D:5      | Gained mutation: You have a pair of small horns on your head. [potion of mutation]
  6666 | D:5      | Gained mutation: You have a pair of horns on your head. [potion of mutation]
  6834 | D:5      | Noticed Menkaure
  6836 | D:5      | Killed Menkaure
  6836 | D:5      | Reached skill level 7 in Earth Magic
  6836 | D:5      | Reached skill level 1 in Poison Magic
  7096 | D:5      | Learned a level 4 spell: Petrify
  7381 | D:6      | Reached XP level 9. HP: 45/45 MP: 11/18
  8176 | D:6      | Found a staircase to the Ecumenical Temple.
  8900 | D:7      | Reached skill level 8 in Earth Magic
  9210 | D:7      | Noticed a hornet
  9256 | D:7      | Killed a hornet
  9256 | D:7      | Offered knowledge of Inner Flame by Vehumet.
  9679 | D:7      | Noticed Dowan
  9691 | D:7      | Killed Dowan
  9703 | D:7      | Noticed Duvessa
  9738 | D:6      | Killed Duvessa
 10006 | D:7      | Reached *** piety under Vehumet
 10066 | D:7      | Found a sacrificial altar of Ru.
 10376 | D:8      | Reached XP level 10. HP: 50/50 MP: 12/22
 10383 | D:8      | Reached skill level 9 in Earth Magic
 10514 | D:8      | You fall through a shaft!
 10548 | D:9      | Offered knowledge of Throw Icicle by Vehumet.
 10558 | D:9      | Noticed a two-headed ogre
 10876 | D:8      | Noticed a two-headed ogre
 11020 | D:8      | Slain by a two-headed ogre

Vault maps used:
D:1:      ldierk_water_garden
D:2:      fiery_altar_vehumet, nrook_uturn
D:3:      first_bread
D:4:      cheibrodos_greedy_goblins, nicolae_ossuary_entry_false_entrances,
          portal_sewer_entry_f, uniq_grinder, uniq_edmund
D:5:      cheibrodos_fzero, serial_shops, shop, uniq_ijyb, uniq_sigmund,
          uniq_menkaure
D:6:      temple_hall, grunt_ministairs_3, kb_lookout_dungeons_type,
          minmay_misc_feat_cross, kennysheep_generic_room_11
D:7:      nicolae_ru_path_of_blood, uniq_duvessa
D:8:      kennysheep_windowed_halls, grunt_livestock, minmay_item_behind_shaft
D:9:      erik_lair_orcish_takeover, minmay_orc_entry_temple_small, special_room
Ossuary:  ossuary_crypta

Skill      XL: |  1  2  3  4  5  6  7  8  9 10 |
---------------+-------------------------------+-----
Earth Magic    | 4 5 6 7 8 9 |  9.1
Spellcasting   | 3 4 5 6 8 |  8.5
Conjurations   | 1 2 4 5 6 7 |  7.8
Transmutations | 1 2 |  2.5
Poison Magic   | 2 |  2.0
Dodging        | |  1.5
Stealth        | |  2.1

Action                   |  1- 3 |  4- 6 |  7- 9 | 10-12 || total
-------------------------+-------+-------+-------+-------++-------
Melee: Unarmed           |     2 |       |       |       ||     2
       Dagger            |    93 |       |       |       ||    93
       Short sword       |     6 |     7 |       |       ||    13
       Morningstar       |       |    64 |   102 |    11 ||   177
       Headbutt          |       |       |     2 |     3 ||     5
Throw: Stone             |       |       |     4 |       ||     4
 Cast: Sandblast         |    29 |    50 |    85 |     2 ||   166
       Stone Arrow       |     1 |    10 |    30 |       ||    41
       Lee's Rapid Decon |       |     1 |    19 |     3 ||    23
       Magic Dart        |       |       |    32 |     5 ||    37
       Sting             |       |       |    30 |       ||    30
       Petrify           |       |       |     4 |     3 ||     7
Evoke: Wand              |       |       |     1 |       ||     1
  Use: Scroll            |     1 |     8 |     4 |     1 ||    14
       Potion            |       |       |     3 |     1 ||     4
 Stab: Sleeping          |     1 |     3 |       |       ||     4
       Petrified         |       |       |       |     2 ||     2
  Eat: Chunk             |     3 |     9 |    13 |     1 ||    26
       Royal jelly       |       |       |     4 |       ||     4
       Fruit             |       |       |     4 |       ||     4
       Meat ration       |       |       |     1 |     1 ||     2
Armor: Robe              |     1 |    14 |    95 |    18 ||   128
       Leather armour    |    33 |    35 |       |       ||    68
Dodge: Dodged            |    59 |    83 |   134 |    21 ||   297

Table legend:
 A = Spawn XP
 B = Non-spawn XP
 C = Spawn XP percentage of total XP
 D = Spawn monster count
 E = Non-spawn monster count
 F = Spawn count percentage of total count
 G = Total turns spent on level
                    A         B        C        D         E        F      G
               +---------+---------+-------+---------+---------+-------+---------
         Total |       0 |    4967 |   0.0 |       0 |     177 |   0.0 | 11020
               +---------+---------+-------+---------+---------+-------+---------
           D:1 |       0 |      55 |   0.0 |       0 |      27 |   0.0 |  1393
           D:2 |       0 |      94 |   0.0 |       0 |      11 |   0.0 |   869
           D:3 |       0 |     114 |   0.0 |       0 |      24 |   0.0 |  1671
           D:4 |       0 |     498 |   0.0 |       0 |      21 |   0.0 |  1525
           D:5 |       0 |    1145 |   0.0 |       0 |      24 |   0.0 |  1166
           D:6 |       0 |     979 |   0.0 |       0 |      18 |   0.0 |  1963
           D:7 |       0 |    1608 |   0.0 |       0 |      32 |   0.0 |  1313
           D:8 |       0 |     141 |   0.0 |       0 |       4 |   0.0 |   590
           D:9 |       0 |     187 |   0.0 |       0 |       3 |   0.0 |    57
       Ossuary |       0 |     146 |   0.0 |       0 |      13 |   0.0 |   473
               +---------+---------+-------+---------+---------+-------+---------
